Unix NetHack Version 5.0.0-0 post-release - last build May  4 2026 22:22:43 (774f63e81ad911689b3a0859ea89b322d5daca8d,branch:main).

Game began 2026-05-06 23:29:17, ended 2026-05-06 23:36:10.

BeardyHaddock, neutral male human Priest

      ------                            #
      |....|                   #-----   ####--------
      |(....#####    -------   #|.>.|    ###.......|     -----------
      |x..>|    ##   |.....+  ##-....#####  |......|     |....^.^..|
      -.----     ####...*..|   #|...|       ------Z-     |..%.....^|
       #             |...<.-####|...|            Z@######Z.^Z..%...|
       #             |.....|   #|...|                    |^..}}}..^|
       ##            |......  ##....|                    |...}}}..^|
        #            ----|--   #-----                    +.^.}}}...|
         #               #    ##             -.------    |......%^.|
  -------|--             #    #              |......|    |..^.^^...|
  |{...`...|             ##   #   ###########-.......####.^.^^.....|
  |........|             -|---#####          |......|    -----------
  |........|             |....#              |......|
  |.........#            |...|#              --------
  |........|#            |...|#
  ----------######       -----#
                 ##############

BeardyHaddock the Acolyte    St:12 Dx:14 Co:13 In:10 Wi:18 Ch:8  Neutral
Dlvl:4  $:35 HP:0(28) Pw:29(29) AC:2  Xp:3 T:1550 

Latest messages:
 You swap places with your little dog.
 You hear some noises.
 An elf zombie claws itself out of the ground!
 The gnome zombie rises from the dead!
 A human zombie claws itself out of the ground!
 You hit the elf zombie!
 A gnome zombie claws itself out of the ground!
 You miss the elf zombie.
 The elf zombie hits!
 You hit the elf zombie.
 The human zombie falls into a pit!
 The elf zombie hits!
 You destroy the elf zombie!
 There is an open door here.
 You see here an elf corpse.
 You hit the gecko.
 The elf zombie climbs out of the pit.
 You hear scratching noises.
 You swap places with your little dog.
 The little dog bites it.
 The elf zombie climbs out of the pit.
 It bites the elf zombie.
 The elf zombie hits it.
 You hear a door open.
 Are you waiting to get hit?  Use 'm' prefix to force a no-op (to rest).
 Are you waiting to get hit?  Use 'm' prefix to force a no-op (to rest).
 Are you waiting to get hit?  Use 'm' prefix to force a no-op (to rest).
 You hit the orc zombie!
 The orc zombie hits!
 You miss the orc zombie.
 The orc zombie hits!
 You destroy the orc zombie!
 The human zombie hits!
 You miss the human zombie.
 The human zombie hits!
 You hit the human zombie!
 The human zombie hits!
 You hit the human zombie!
 You miss the human zombie.
 You hit the human zombie!
 You destroy the human zombie!
 Welcome to experience level 3.
 The orc zombie hits!
 The orc zombie hits!
 You die...
 Do you want your possessions identified? [ynq] (y) y
 Do you want to see your attributes? [ynq] (y) n
 Do you want an account of creatures vanquished? [ynaq] (y) n
 Do you want to see your conduct and achievements? [ynq] (y) n
 Do you want to see the dungeon overview? [ynq] (y) n

Inventory:
 Coins    ('$')
  $ - 35 gold pieces
 Weapons  (')')
  k - a +1 crossbow
  o - a blessed +1 spear
  a - a blessed +1 mace (weapon in right hand)
 Armor    ('[')
  c - a +0 small shield (being worn)
  b - a +0 robe (being worn)
  r - a +0 elven mithril-coat (being worn)
 Comestibles  ('%')
  e - a clove of garlic
  f - a sprig of wolfsbane
 Scrolls  ('?')
  n - a scroll of gold detection
 Spellbooks  ('+')
  p - a spellbook of blank paper
  g - a spellbook of detect monsters
  m - a spellbook of detect monsters
  h - a spellbook of identify
 Potions  ('!')
  j - a potion of monster detection
  d - 5 potions of holy water
 Tools    ('(')
  i - a magic marker (0:20)
 Gems/Stones  ('*')
  l - 2 cursed worthless pieces of green glass

BeardyHaddock the Priest's attributes:

Background:
 You were an Acolyte, a level 3 human Priest.
 You were neutral, nominally on a mission for Ishtar
 who was opposed by Anu (lawful) and Anshar (chaotic).
 You were right-handed.
 You were in the Dungeons of Doom, on level 4.
 You entered the dungeon 1550 turns ago.
 It was nighttime.
 You had 52 experience points, 28 more were needed to attain level 4.

Basics:
 You had 0 out of 28 hit points.
 You had all 29 energy points (spell power).
 Your armor class was 2.
 Your wallet contained 35 zorkmids.
 Autopickup was off.

Final Characteristics:
 Your strength was 12 (limit:18/100).
 Your dexterity was 14 (limit:18).
 Your constitution was 13 (limit:18).
 Your intelligence was 10 (limit:18).
 Your wisdom was 18 (limit:18).
 Your charisma was 8 (limit:18).

Final Status:
 You weren't hungry.
 You were unencumbered.
 You were wielding a mace.
 You had basic skill with mace.

Final Attributes:
 You were devoutly aligned.
 You were guarded.
 Your spell casting was impaired by metallic armor, mitigated by your robe.
 You are dead.

Miscellaneous:
 You didn't encounter any bones levels.
 Total elapsed playing time was 6 minutes and 52 seconds.

Major events:
 Turn
    1: BeardyHaddock the neutral human Priest entered the dungeon
 1548: attained the rank of Acolyte (level 3)
 1550: killed by an orc zombie

Spells:
 Name                 Level Category     Fail Retention
 detect monsters        1   divination    31%  76%-100%
 identify               3   divination   100%  76%-100%

Skills:
 Fighting Skills
   bare handed combat [Unskilled]
 Weapon Skills
   club               [Unskilled]
   mace               [Basic]
   morning star       [Unskilled]
   flail              [Unskilled]
   hammer             [Unskilled]
   quarterstaff       [Unskilled]
   polearms           [Unskilled]
   spear              [Unskilled]
   trident            [Unskilled]
   lance              [Unskilled]
   bow                [Unskilled]
   sling              [Unskilled]
   crossbow           [Unskilled]
   dart               [Unskilled]
   shuriken           [Unskilled]
   boomerang          [Unskilled]
   unicorn horn       [Unskilled]
 Spellcasting Skills
   healing spells     [Unskilled]
   divination spells  [Unskilled]
   clerical spells    [Basic]

Voluntary challenges:
 Character rerolling was not enabled.
 You were an atheist.
 You never genocided any monsters.
 You never polymorphed an object.
 You never changed form.
 You used no wishes.
Achievement:
 You attained the rank of Acolyte.

 The Dungeons of Doom: levels 1 to 4
    Level 1:
       Some fountains.
    Level 2:
       A sink.
    Level 3:
    Level 4: <- You were here.
       A fountain.
       Final resting place for
          you, killed by an orc zombie.


Vanquished creatures:
  a human zombie
 an elf zombie
 an orc zombie
 an acid blob
  a coyote
  a giant rat
 10 gnome zombies
  a gecko
  3 jackals
  a sewer rat
  2 grid bugs
  2 lichens
  5 kobold zombies
  6 newts
36 creatures vanquished.

No species were genocided or became extinct.

Game over:
                       ----------
                      /          \
                     /    REST    \
                    /      IN      \
                   /     PEACE      \
                  /                  \
                  |  BeardyHaddock   |
                  |      35 Au       |
                  | killed by an orc |
                  |      zombie      |
                  |                  |
                  |                  |
                  |       2026       |
                 *|     *  *  *      | *
        _________)/\\_//(\/(/\)/\//\/|_)_______

Goodbye BeardyHaddock the Priest...

You died in The Dungeons of Doom on dungeon level 4 with 390 points,
and 35 pieces of gold, after 1550 moves.
You were level 3 with a maximum of 28 hit points when you died.

